 Dungeon Crawl Stone Soup version bcrawl-1.21.3-2-g9d8a61a446 (webtiles) character file.

Game seed: 8425520220338171951

40 funkygono the Stinger (level 3, -8/24 HPs)
             Began as a Formicid Venom Mage on Apr 16, 2020.
             Mangled by a worm (11 damage)
             ... on level 2 of the Dungeon.
             The game lasted 00:04:01 (990 turns).

funkygono the Stinger (Formicid Venom Mage)          Turns: 990, Time: 00:04:02

Health: -8/24      AC:  3    Str: 13    XL:     3   Next: 72%
Magic:  1/6        EV: 12    Int: 14    God:
Gold:   141        SH:  0    Dex: 11    Spells: 1/7 levels left

rFire    . . .     SeeInvis +   f - +0 whip
rCold    . . .     Gourm    .   (no shield)
rNeg     . . .     Faith    .   a - +1 robe
rPois    .         Spirit   .   (helmet unavailable)
rElec    .         Reflect  .   (no cloak)
rCorr    .         Harm     .   (no gloves)
MR       .....                  (no boots)
Stlth    ++........             (no amulet)
HPRegen  0.08/turn              (no ring)
MPRegen  0.10/turn              (no ring)

@: swift, flying, very quick
A: permanent stasis, dig shafts and tunnels, four strong arms, antennae 3
a: Dig, Shaft Self


You were on level 2 of the Dungeon.
You were hungry.

You visited 1 branch of the dungeon, and saw 2 of its levels.

You collected 141 gold pieces.

Inventory:

Hand Weapons
 f - a +0 whip (weapon)
Missiles
 l - 313 stones (quivered)
Armour
 a - a +1 robe (worn)
 h - a +0 scale mail
Scrolls
 i - 3 scrolls of magic mapping
 j - 2 scrolls of identify
Potions
 c - a potion of berserk rage
 d - a potion of degeneration
Comestibles
 e - 2 rations {!d}


   Skills:
 + Level 0.1 Fighting
 + Level 0.4 Maces & Flails
 + Level 1.8 Dodging
 + Level 3.4 Stealth
 + Level 2.5 Spellcasting
 + Level 0.8 Conjurations
 + Level 0.1 Air Magic
 + Level 4.8 Poison Magic


You had one spell level left.
You knew the following spells:

 Your Spells              Type           Power        Failure   Level  Hunger
a - Sting                 Conj/Pois      #...         7%          1    #......
b - Poisonous Vapours     Pois/Air       #.....       12%         2    ###....
c - Ignite Poison         Fire/Tmut/Pois #.......     34%         3    ###....

Your spell library contained the following spells:

 Spells                   Type           Power        Failure   Level  Hunger
 Olgreb's Toxic Radiance  Pois           ###.....     30%         4    #####..
 Summon Scorpions         Summ/Pois      #.......     63%         4    #####..
 Venom Bolt               Conj/Pois      #.........   89%         5    ######.


Dungeon Overview and Level Annotations

Branches:
Dungeon (2/12)

Altars:


Innate Abilities, Weirdness & Mutations

You cannot be hasted, slowed, berserked, paralysed or teleported.
You can dig through walls and to a lower floor.
Your four strong arms can wield two-handed weapons with a shield.
You have a pair of large antennae on your head. (SInv)


Message History

The worm is moderately wounded.
The worm bites you!
You hit the worm.
The worm is severely wounded.
The worm looks more healthy.
The worm barely misses you.
You barely miss the worm.
The worm is severely wounded.
You hit the worm.
The worm is severely wounded.
The worm bites you!
You hit the worm.
The worm is severely wounded.
The worm bites you.
* * * LOW HITPOINT WARNING * * *
You feel very buoyant.
You fly up into the air.
You barely miss the worm.
The worm is severely wounded.
The worm bites you!
You die...

#####.
#......
##.......
#........
#@..†....
#w...[...
#........
#........
##.......
.......
.......
.......


You could see a worm.

Vanquished Creatures
  4 dart slugs (D:1)
  4 giant cockroaches
  3 goblins (D:1)
  5 hobgoblins (D:1)
  4 kobolds (D:1)
  2 ball pythons (D:1)
  5 bats
  2 rats (D:1)
29 creatures vanquished.

Notes
Turn   | Place    | Note
-------+----------+-------------------------------------------
     0 | D:1      | funkygono the Formicid Venom Mage began the quest for the
                  | Orb.
     0 | D:1      | Reached XP level 1. HP: 13/13 MP: 3/3
   155 | D:1      | Reached XP level 2. HP: 13/19 MP: 0/5
   318 | D:1      | Learned a level 2 spell: Poisonous Vapours
   421 | D:1      | Reached XP level 3. HP: 24/24 MP: 3/6
   667 | D:1      | Learned a level 3 spell: Ignite Poison
   990 | D:2      | Mangled by a worm

Skill      XL: |  1 |
---------------+----+-----
Stealth        | 3 |  3.4
Fighting       | |  0.1
Maces & Flails | |  0.4
Dodging        | |  1.8
Spellcasting   | |  2.5
Conjurations   | |  0.8
Air Magic      | |  0.1
Poison Magic   | |  4.8

Action                   || total
-------------------------++-------
Melee: Whip              ||    26
 Cast: Sting             ||    27
       Poisonous Vapours ||    12
  Use: Scroll            ||     5
       Potion            ||     1
  Eat: Chunk             ||     1
Armor: Robe              ||     7
Dodge: Dodged            ||    21
